 Dungeon Crawl Stone Soup version 0.18-a0-1626-g65af6d3 (webtiles) character file.

1686 namelastname112 the Cutter (level 8, 0/70 HPs)
             Began as a White Draconian Chaos Knight on Mar 24, 2016.
             Slain by a wyvern skeleton (8 damage)
             ... on level 7 of the Dungeon.
             The game lasted 00:09:06 (7483 turns).

namelastname112 the Cutter (DrCK)                   Turns: 7483, Time: 00:09:07

Health: 0/70       AC:  7    Str: 12 (14) XL:     8   Next: 71%
Magic:  10/10      EV: 20    Int: 11 (13) God:    Xom [.....*]
Gold:   322        SH:  0    Dex: 19 (20) Spells: 0 memorised, 7 levels left

rFire  . . .     SeeInvis .     a - +0 short sword (chaos)
rCold  + . .     Gourm    .     (armour unavailable)
rNeg   . . .     Faith    .     (no shield)
rPois  .         Spirit   .     (helmet restricted)
rElec  .         Dismiss  .     d - +0 cloak
rCorr  .         Reflect  .     (no gloves)
SustAt .         Harm     .     (no boots)
MR     .....                    x - amulet of rage
Stlth  +++.......               (no ring)
                                (no ring)

@: confused, agile, lethally poisoned (0 -> -2), not resistant to hostile
enchantments, fairly stealthy
A: breathe frost, unfitting armour, antennae 1, camouflage 1, agile 1, cold
resistance 1, wild magic 1, cold-blooded, AC +6
a: Breathe Frost, Renounce Religion, Evoke Berserk Rage


You were on level 7 of the Dungeon.
You worshipped Xom.
You were Xom's teddy bear.
You were hungry.

You visited 1 branch of the dungeon, and saw 7 of its levels.

You collected 322 gold pieces.

Inventory:

Hand Weapons
 a - a +0 short sword of chaos (weapon)
Missiles
 s - 8 curare-tipped needles
 J - a throwing net (quivered)
Armour
 d - a +0 cloak (worn)
Jewellery
 p - an uncursed amulet of the gourmand
 r - an uncursed amulet of harm
 x - an amulet of rage (around neck)
 H - an uncursed ring of wizardry {unknown}
Wands
 n - a wand of digging (12/24)
Scrolls
 c - 4 scrolls of recharging {unknown}
 e - 8 scrolls of remove curse {unknown}
 h - a scroll of noise {unknown}
 q - 6 scrolls of teleportation {unknown}
 t - 4 scrolls of identify {unknown}
 w - a scroll of enchant weapon {unknown}
 y - a scroll of magic mapping {unknown}
 z - a scroll of immolation {unknown}
 D - a scroll of vulnerability {unknown}
 G - a scroll of blinking {unknown}
Potions
 g - a potion of cure mutation
 i - a potion of haste {unknown}
 j - 2 potions of magic
 l - a potion of brilliance
 m - a potion of might {unknown}
 u - a potion of degeneration
 A - a potion of flight
 B - a potion of berserk rage {unknown}
 I - a potion of agility
Books
 o - a book of Annihilations

   Spells                             Type                      Level
   a - Poison Arrow                   Conjuration/Poison           6
   b - Chain Lightning                Conjuration/Air              8
   c - Lehudib's Crystal Spear        Conjuration/Earth            8
   d - Glaciate                       Conjuration/Ice              9
   e - Fire Storm                     Conjuration/Fire             9
 v - a book of Transfigurations

   Spells                             Type                      Level
   a - Irradiate                      Conjuration/Transmutation    5
   b - Statue Form                    Transmutation/Earth          6
   c - Hydra Form                     Transmutation                6
   d - Dragon Form                    Transmutation                7
Miscellaneous
 F - a plain deck of summoning {drawn: 1}
Comestibles
 b - 9 bread rations
 f - 6 meat rations
 k - 9 beef jerkies
 E - a fruit


   Skills:
 - Level 5.9 Fighting
 - Level 7.1 Short Blades
 - Level 4.7 Dodging
 - Level 4.1 Stealth
 * Level 2.8 Unarmed Combat
 - Level 3.1 Evocations


You had 7 spell levels left.
You didn't know any spells.

Dungeon Overview and Level Annotations

Branches:
Dungeon (7/15)             Temple (0/1) D:7

Altars:
Elyvilon
Fedhas
Makhleb
Nemelex Xobeh
Yredelemnul
Zin


Innate Abilities, Weirdness & Mutations

You can breathe waves of freezing cold.
You can buffet flying creatures when you breathe cold.
Your icy white scales are hard (AC +6).
Your body does not fit into most forms of armour.
Your flesh is cold resistant.
You are cold-blooded and may be slowed by cold attacks.
You have a pair of small antennae on your head.
Your skin changes colour to match your surroundings (Stealth).
You are agile. (Dex +2)
Your spells are a little harder to cast, but a little more powerful.


Message History

Drink which item? (? for menu, Esc to quit)
It was a potion of ambrosia.
You are confused.
You feel invigorated.
You feel sick.
The centaur unwields an uncursed shortbow.
The centaur completely misses you. The wyvern skeleton closely misses you.
The centaur misses you. The wyvern skeleton misses you. The centaur hits you.
* * * LOW HITPOINT WARNING * * *
You feel sick. The centaur closely misses you. The wyvern skeleton misses you.
The black bear barely misses you. x2; The black bear claws you.
* * * LOW HITPOINT WARNING * * *
The wyvern skeleton bites you but does no damage.
The centaur misses you. The black bear completely misses you.
The black bear misses you. The black bear completely misses you.
The centaur hits you.
* * * LOW HITPOINT WARNING * * *
The wyvern skeleton bites you!
You die...
Xom titters!

,* **,, , *#*
#>............... , *,,,*
.. #.** #..)...........,
,,, ,,
*...*#.###...........##..
....* *
#..###...$.....)).......
...
#...#.##...(.c3(5.......
..#*
#...#.#...5.(...#...... ..#
#....#..#(###..........
..## #.....c#5# ##(........
...## #....@Z.## ####......
....## ##..##.h.## *#.....
# ...## ##...##....# #....
##....#* #.....##(..##
,..., #......
.......##...#### ,..
#....#≈* ...............##*
, ,
...#**≈≈#≈#............÷.#,
,,, ...#
≈≈≈≈≈#.........###.##,,,,,
, ..#≈≈#≈≈#≈##.##....###.##
,,,,


You could see a black bear, a centaur, a crimson imp and a wyvern skeleton.

Vanquished Creatures
  Grinder (D:4)
  A hungry ghost (D:7)
  A water moccasin (D:6)
  A phantom (D:4)
  2 ogres
  Blork the orc (D:5)
  A giant frog (D:5)
  A scorpion (D:6)
  2 howler monkeys
  A giant frog zombie (D:5)
  A giant frog skeleton (D:5)
  3 orc priests
  An iguana (D:6)
  An orc wizard (D:7)
  Natasha (thrice) (D:2)
  2 worker ants
  Robin (D:2)
  2 howler monkey skeletons
  2 worker ant zombies (D:6)
  3 adders (D:2)
  8 gnolls
  3 shadow imps
  An ooze (D:3)
  An adder skeleton (D:6)
  An adder zombie (D:6)
  3 worms
  A dart slug (D:4)
  4 giant geckos
  13 orcs
  12 bats
  10 giant cockroaches
  12 hobgoblins
  A quokka (D:3)
  3 ball pythons
  6 giant newts
  7 goblins
  9 kobolds
  4 rats
130 creatures vanquished.

Vanquished Creatures (collateral kills)
  A centaur (D:7)
  A big kobold (D:6)
2 creatures vanquished.

Vanquished Creatures (others)
  An orc (D:7)
1 creature vanquished.

Grand Total: 133 creatures vanquished

Notes
Turn   | Place    | Note
--------------------------------------------------------------
     0 | D:1      | namelastname112 the Draconian Chaos Knight began the quest for the Orb.
     0 | D:1      | Reached XP level 1. HP: 19/19 MP: 1/1
   127 | D:1      | Reached XP level 2. HP: 10/26 MP: 2/2
   439 | D:1      | You fall through a shaft!
   455 | D:2      | Reached skill level 1 in Stealth
   491 | D:2      | XOM: harmless Summ miscast
   561 | D:2      | XOM: colour smoke trail
   577 | D:2      | Noticed Natasha
   580 | D:2      | Reached XP level 3. HP: 26/31 MP: 3/3
   602 | D:2      | XOM: potion effect (heal wounds)
   616 | D:2      | Killed Natasha
   616 | D:2      | Reached XP level 4. HP: 18/40 MP: 4/4
  1087 | D:2      | Noticed Natasha
  1089 | D:2      | XOM: divination: magic mapping
  1096 | D:2      | Killed Natasha
  1105 | D:2      | Reached skill level 4 in Short Blades
  1504 | D:1      | XOM: divination: detect creatures
  1792 | D:2      | Reached XP level 5. HP: 46/46 MP: 5/5
  1830 | D:2      | Noticed Robin
  1841 | D:2      | XOM: divination: detect creatures
  1853 | D:2      | Killed Robin
  1918 | D:2      | XOM: divination: magic mapping
  1956 | D:2      | XOM: harmless Necr miscast
  2006 | D:2      | XOM: harmless Fire miscast
  2095 | D:2      | XOM: divination: detect creatures
  2133 | D:2      | XOM: noise
  2243 | D:2      | Noticed Natasha
  2246 | D:2      | Killed Natasha
  2487 | D:3      | Found a glowing silver altar of Zin.
  2664 | D:3      | XOM: silly message
  2876 | D:3      | Found a burning altar of Makhleb.
  2888 | D:3      | Found a sparkling altar of Nemelex Xobeh.
  2967 | D:4      | Reached XP level 6. HP: 49/52 MP: 6/6
  2988 | D:4      | XOM: smoke on damage
  3609 | D:4      | XOM: enchant monster (good)
  3619 | D:4      | Reached skill level 5 in Short Blades
  3662 | D:4      | Noticed Grinder
  3672 | D:4      | Paralysed by Grinder for 2 turns
  3674 | D:4      | XOM: fake destruction
  3676 | D:4      | XOM: noise
  3686 | D:4      | Paralysed by Grinder for 2 turns
  3699 | D:4      | Killed Grinder
  3699 | D:4      | Reached skill level 5 in Fighting
  3699 | D:4      | Reached skill level 1 in Evocations
  3699 | D:4      | Your scales start taking on an icy white colour.
  3699 | D:4      | Reached XP level 7. HP: 39/61 MP: 6/8
  3699 | D:4      | Gained mutation: Your flesh is cold resistant. [White Draconian growth]
  3923 | D:4      | XOM: noise
  4072 | D:4      | Found a blossoming altar of Fedhas.
  4224 | D:5      | Entered Level 5 of the Dungeon
  4558 | D:5      | XOM: medium Pois miscast
  4672 | D:5      | XOM: medium Hex miscast
  4675 | D:5      | XOM: mild Fire miscast
  4685 | D:5      | Found a basalt altar of Yredelemnul.
  4703 | D:5      | XOM: silly message
  4739 | D:5      | Found a white marble altar of Elyvilon.
  4812 | D:5      | Reached skill level 6 in Short Blades
  4839 | D:5      | XOM: divination: magic mapping
  4909 | D:5      | XOM: confuse monster(s)
  5056 | D:5      | XOM: vitrification
  5085 | D:5      | XOM: god gift: 4 meat rations
  5122 | D:5      | Noticed Blork the orc
  5142 | D:5      | Killed Blork the orc
  5142 | D:5      | Reached XP level 8. HP: 64/69 MP: 9/9
  5175 | D:5      | XOM: scenery: 3 doors close
  5352 | D:6      | XOM: polymorph water moccasin -> big kobold
  5354 | D:6      | XOM: summons 2 friendly demons
  5355 | D:6      | HP: 2/69 [big kobold (2)]
  6065 | D:6      | XOM: vitrification
  6559 | D:7      | XOM: swap monsters
  6602 | D:7      | Reached skill level 7 in Short Blades
  6667 | D:7      | Found a staircase to the Ecumenical Temple.
  7074 | D:7      | XOM: 1-stop teleportation journey
  7278 | D:7      | XOM: butterfly on damage
  7283 | D:7      | XOM: divination: magic mapping
  7450 | D:7      | XOM: summons friendly neqoxec
  7467 | D:7      | XOM: give mutations
  7467 | D:7      | Gained mutation: You are agile. (Dex +2) [Xom's grace]
  7467 | D:7      | Gained mutation: Your skin changes colour to match your surroundings (Stealth). [Xom's grace]
  7467 | D:7      | Gained mutation: You have a pair of small antennae on your head. [Xom's grace]
  7467 | D:7      | Gained mutation: Your spells are a little harder to cast, but a little more powerful. [Xom's grace]
  7471 | D:7      | XOM: snakes to sticks
  7479 | D:7      | HP: 3/70 [wyvern skeleton (7)]
  7483 | D:7      | Slain by a wyvern skeleton

Vault maps used:
D:1:      lightli_arrival_statuegarden, st_stairs_1
D:2:      uniq_robin, uniq_natasha
D:3:      lemuel_doored_altar, amethyst_overflow_temple_binary, first_bread
D:4:      lemuel_coloured_pillars_altar, uniq_grinder
D:5:      kennysheep_ying_yang, corexii_shack, amalloy_card_club,
          uniq_blork_the_orc
D:7:      kennysheep_mini_moat, temple_statues, grunt_ogre_cave, minivault_4

Skill      XL: |  1  2  3  4  5  6  7  8 |
---------------+-------------------------+-----
Stealth        | 1 2 3 4 |  4.1
Short Blades   | 4 5 6 7 |  7.1
Dodging        | 3 4 |  4.7
Fighting       | 4 5 |  5.9
Evocations     | 1 2 3 |  3.1
Unarmed Combat | 2 |  2.8

Action                   |  1- 3 |  4- 6 |  7- 9 || total
-------------------------+-------+-------+-------++-------
Melee: Short sword       |    75 |   276 |   267 ||   618
 Abil: Evoke Berserk Rag |       |       |     3 ||     3
Evoke: Deck              |       |       |     1 ||     1
  Use: Potion            |       |     4 |     6 ||    10
 Stab: Sleeping          |       |     4 |     7 ||    11
       Paralysed         |       |     3 |     2 ||     5
       Distracted        |       |     1 |       ||     1
       Confused          |       |     1 |     1 ||     2
       Petrifying        |       |     1 |     2 ||     3
       Petrified         |       |       |     2 ||     2
  Eat: Chunk             |       |     8 |     8 ||    16
       Meat ration       |       |       |     4 ||     4
       Royal jelly       |       |       |     1 ||     1
